 Dungeon Crawl Stone Soup version 0.26.0-10-g1f06aea511 (webtiles) character file.

Game seed: 15232537226564052404

109 mkm the Digger (level 4, -6/24 HPs)
             Began as a Gargoyle Earth Elementalist on Jan 15, 2021.
             Mangled by a worm (10 damage)
             ... on level 2 of the Dungeon.
             The game lasted 00:08:27 (3261 turns).

mkm the Digger (Gargoyle Earth Elementalist)        Turns: 3261, Time: 00:08:28

Health: -6/24      AC:  5    Str: 12    XL:     4   Next: 90%
Magic:  2/8        EV: 12    Int: 16    God:
Gold:   122        SH:  0    Dex: 10    Spells: 5/9 levels left

rFire    x . .     SeeInvis .   a - +0 dagger
rCold    + . .     Faith    .   (no shield)
rNeg     + . .     Spirit   .   c - +0 robe
rPois    ∞         Reflect  .   (no helmet)
rElec    +         Harm     .   (no cloak)
rCorr    .         Rampage  .   (no gloves)
Will     .....                  (no boots)
Stlth    ++........             (no amulet)
HPRegen  0.08/turn              h - ring of ice
MPRegen  0.11/turn              (no ring)

@: no status effects
A: negative energy resistance 1, electricity resistance, unbreathing,
petrification resistance, miasma immunity, AC +3
a: no special abilities


You were on level 2 of the Dungeon.
You visited 1 branch of the dungeon, and saw 3 of its levels.

You collected 122 gold pieces.

Inventory:

Hand Weapons
 a - a +0 dagger (weapon)
Armour
 c - a +0 robe (worn)
Jewellery
 g - an uncursed ring of positive energy {unknown}
 h - a ring of ice (left hand)
 i - an uncursed ring of resist corrosion {unknown}
 k - a +6 ring of intelligence {unknown}
 n - an uncursed amulet of guardian spirit {unknown}
Scrolls
 d - a scroll of enchant weapon {unknown}
 e - 3 scrolls of remove curse {unknown}
 f - a scroll of fog {unknown}
 j - a scroll of fear {unknown}
 m - 3 scrolls of identify {unknown}
Potions
 l - 2 potions of curing
 o - a potion of berserk rage {unknown}


   Skills:
 - Level 1.5 Dodging
 - Level 2.1 Stealth
 + Level 3.0 Spellcasting
 + Level 2.1 Transmutations
 + Level 4.8 Earth Magic


You had 5 spell levels left.
You knew the following spells:

 Your Spells              Type           Power        Failure   Level
a - Sandblast             Erth           34%          2%          1
b - Stone Arrow           Conj/Erth      20%          22%         3

Your spell library contained the following spells:

 Spells                   Type           Power        Failure   Level
 Passwall                 Tmut/Erth      10%          7%          2
 Petrify                  Tmut/Erth      13%          41%         4
 Lee's Rapid Deconstruct  Erth           8%           58%         5


Dungeon Overview and Level Annotations

Branches:
Dungeon (3/15)

Altars:

Annotations:
D:2 Sigmund


Innate Abilities, Weirdness & Mutations

You are resistant to torment.
Your stone body is resilient. (AC +3)
You are immune to poison.
You resist negative energy. (rN+)
You are resistant to electric shocks. (rElec)
You can survive without breathing.
You are immune to petrification.
You are immune to miasma.


Message History

You hit the worm.
The worm is moderately wounded.
You hit the worm.
The worm is heavily wounded.
The worm closely misses you.
You hit the worm.
The worm is heavily wounded.
The worm bites you but does no damage.
You hit the worm.
The worm is heavily wounded.
You barely miss the worm.
The worm is heavily wounded.
The worm bites you!
* * * LOW HITPOINT WARNING * * *
You hit the worm.
The worm is severely wounded.
You hit the worm.
The worm is severely wounded.
The worm bites you!
You die...

... #..# #.# .
#..# #.# . #..#
#.# .. #..###.#
... #..#.#.# ..
#...#..#
.###.###..###.##
....(....##
##.## #
......†@## ##.#
# ######w#.##
##.## #
#.##.###.## # #.
##.#.## ## #.
##.## . #. #.# #
#) #.# # #. #.#
# #.# ### #


You could see a worm.

Vanquished Creatures
  3 adders
  An ooze (D:1)
  4 worms (D:3)
  3 dart slugs
  A leopard gecko (D:2)
  An orc (D:3)
  A ball python (D:1)
  2 giant cockroaches
  8 goblins
  10 hobgoblins
  3 jackals (D:1)
  4 bats
  6 frilled lizards
  6 kobolds
  6 rats
59 creatures vanquished.

Notes
Turn   | Place    | Note
-------+----------+-------------------------------------------
     0 | D:1      | mkm the Gargoyle Earth Elementalist began the quest for the
                  | Orb.
     0 | D:1      | Reached XP level 1. HP: 10/10 MP: 3/3
    99 | D:1      | Reached skill level 1 in Transmutations
   194 | D:1      | Reached XP level 2. HP: 15/15 MP: 3/5
   451 | D:1      | Reached skill level 4 in Earth Magic
   828 | D:1      | Reached XP level 3. HP: 17/19 MP: 2/6
   877 | D:1      | Learned a level 3 spell: Stone Arrow
  1902 | D:2      | Noticed Sigmund
  2273 | D:3      | Reached XP level 4. HP: 20/24 MP: 1/8
  2758 | D:3      | Found a faded altar of an unknown god.
  3261 | D:2      | Mangled by a worm

Illustrated notes

Levels and vault maps discovered:
D:1:      minmay_arrival_diagonal_passages, layout_basic, st_stairs_5
D:2:      layout_loops_ring, nemelex_xobeh_ov_fountains_minmay, uniq_sigmund
D:3:      layout_rooms, serial_curves, eino_curves_04, eino_curves_02,
          chequers_ecumenical_altar_simple

Skill      XL: |  1  2  3  4 |
---------------+-------------+-----
Transmutations | 1 2 |  2.1
Earth Magic    | 4 |  4.8
Spellcasting   | 3 |  3.0
Dodging        | |  1.5
Stealth        | |  2.1

Action                   |  1- 3 |  4- 6 || total
-------------------------+-------+-------++-------
Melee: Dagger            |    94 |    40 ||   134
 Cast: Sandblast         |    41 |    30 ||    71
       Stone Arrow       |       |     5 ||     5
  Use: Potion            |       |     1 ||     1
 Stab: Sleeping          |     2 |       ||     2
Armor: Robe              |    28 |    12 ||    40
Dodge: Dodged            |    56 |    41 ||    97
